[Event "*** Titled Tuesday 3|2 Blitz"]
[Site "Chess.com"]
[Date "2015.05.05"]
[Round "8"]
[White "VSERGUEI"]
[Black "Daniel_Fridman"]
[Result "1-0"]
[WhiteElo "2491"]
[BlackElo "2580"]
[TimeControl "180+2"]
[EndTime "12:45:57 PDT"]
[Termination "VSERGUEI won by resignation"]

1. d4 Nf6 2. c4 e6 3. Nc3 c5 4.
d5 exd5 5. cxd5 Bd6 6. g3 O-O 7. Bg2 Bc7 8. d6 Ba5 9. Nh3 Re8 10. O-O Bxc3 11. bxc3 Nc6 12. Bg5 h6 13. Bxf6 Qxf6 14.
Nf4 Ne5 15. Qd5 g5 16. Nd3 Nxd3 17. exd3 Re5 18. Qc4 Rb8 19. d4 cxd4 20. Qc7 Ra8 21. cxd4 Re6 22. d5 Rxd6 23. Rae1 Kf8 24. Re2 b5 25. Rfe1 Ba6 26. Re6 Rxe6 27. dxe6 Re8 28. e7+ Kg7 29. Qxd7 Qc3 30. Rd1 Qc8 31. Qxc8 Bxc8 32.
Rd8 Rxe7 33. Rxc8 Re1+ 34. Bf1 Ra1 35. Rc2 a6 36. Kg2 h5 37. h4 g4 38. Be2 f6 39.
f3 f5 40. f4 Kf7 41. Bd3 Ke6 42. Rc6+ Kd5 43. Rxa6 b4 44. Bxf5 Kd4 45. Be6 1-0

[Event "*** Titled Tuesday 3|2 Blitz"]
[Site "Chess.com"]
[Date "2015.05.05"]
[Round "8"]
[White "Shankland"]
[Black "9ShMat2"]
[Result "0-1"]
[WhiteElo "2520"]
[BlackElo "2465"]
[TimeControl "180+2"]
[EndTime "12:46:23 PDT"]
[Termination "9ShMat2 won by resignation"]

1. d4 Nf6 2. c4 g6 3. Nf3 Bg7 4.
g3 c6 5. Bg2 d5 6. Nbd2 O-O 7.
O-O Bf5 8. b3 Nbd7 9. Nh4 Be6 10. Bb2 Re8 11. Rc1 Rc8 12. Re1 c5 13. dxc5 Nxc5 14. Nhf3 dxc4 15. Nxc4 Nce4 16. Nd4 Bxc4 17. bxc4 Qa5 18. Qb3 b6 19. Red1 Red8 20. e3 e5 21.
Nb5 a6 22. Na7 Rxd1+ 23. Rxd1 Rc7 24. Qa3 Rd7 25. Rb1 Qxa3 26. Bxa3 Rxa7 27. Rxb6 h5 28.
c5 Bf8 29. Rb8 Kg7 30. Rc8 Rd7 31. Bf3 Rd5 32. Rc6 Bxc5 33. Bb2 g5 34. Rxa6 g4 35. Rxf6 Nxf6 36. Bxd5 Nxd5 37. Bxe5+ f6 38. Bb2 Kf7 39. Kf1 Ke6 40. Ke2 Nb4 41. a4 f5 42. Bc3 Kd5 43. f3 Nc6 44. Bd2 Kc4 45. Be1 Bb4 46. Bxb4 Nxb4 47. e4 fxe4 48. fxg4 hxg4 49. Ke3 Kd5 50. a5 Ke5 0-1

[Event "*** Titled Tuesday 3|2 Blitz"]
[Site "Chess.com"]
[Date "2015.05.05"]
[Round "8"]
[White "iFrancisco"]
[Black "Malev212"]
[Result "0-1"]
[WhiteElo "2295"]
[BlackElo "2209"]
[TimeControl "180+2"]
[EndTime "12:46:23 PDT"]
[Termination "Malev212 won by resignation"]

1. e4 g6 2. d4 d6 3. Nc3 c6 4. Be3 Nf6 5. f3 b5 6. Qd2 Nbd7 7. Nge2 Bb7 8. g4 Qa5 9. Ng3 Nb6 10. b3 Bg7 11. Nb1 Qxd2+ 12. Nxd2 a6 13. c3 h5 14. gxh5 Nxh5 15. Nxh5 Rxh5 16. O-O-O c5 17. dxc5 dxc5 18.
c4 b4 19. Be2 Nd7 20. Nf1 O-O-O 21. Ng3 Rh3 22. f4 f5 23. Bf1 Rh4 24. Bg2 Bh6 25. Rd2 Nf6 26. exf5 Bxg2 27. Rxg2 Rd3 28. Bxc5 Bxf4+ 29. Kc2 Rc3+ 30. Kb2 Be5 31. Kb1 Rxg3 32. Rxg3 Bxg3 33. Bxe7 Be5 34. fxg6 Rg4 35. Re1 Bc3 36. Rf1 Rxg6 37. a3 a5 38. axb4 axb4 39. Bxf6 Bxf6 40. Rf5 Kd7 41. Rb5 Bc3 42. h4 Rg2 43. Kc1 Rh2 44. h5 Kc6 45. Rd5 Bg7 46. Kd1 Rh3 47. Kc2 Rc3+ 48.
Kd2 Rxb3 49. Kc2 Rc3+ 50. Kb1 Rh3 51. Rg5 Bd4 52. Rb5 Bc5 53. Kc2 Rxh5 54. Kb3 Rh3+ 55. Kb2 Bd4+ 56. Kc2 Rc3+ 57. Kb1 b3 58. Rh5 Rg3 59.
Rd5 0-1

[Event "*** Titled Tuesday 3|2 Blitz"]
[Site "Chess.com"]
[Date "2015.05.05"]
[Round "8"]
[White "Kacparov"]
[Black "GeorgMeier"]
[Result "1-0"]
[WhiteElo "2489"]
[BlackElo "2712"]
[TimeControl "180+2"]
[EndTime "12:46:24 PDT"]
[Termination "Kacparov won by resignation"]

1. e4 e6 2. d4 d5 3. Nd2 dxe4 4. Nxe4 Nd7 5. Nf3 Ngf6 6. Bd3 c5 7. Nxf6+ Nxf6 8. Bg5 cxd4 9. Nxd4 Bc5 10. Nb3 Bd6 11. Qf3 h6 12. Bxf6 Qxf6 13. Qxf6 gxf6 14. O-O-O Ke7 15.
Be4 Rd8 16. g3 Rb8 17. f4 f5 18. Bf3 Bd7 19. Rhe1 Be8 20. c3 Bc7 21. Nc5 Rxd1+ 22. Rxd1 a5 23. Nxb7 f6 24. Nc5 Bb6 25. Nb3 e5 26.
Nd2 Bf7 27. b3 Rc8 28. Kc2 Bd4 29. c4 h5 30. Be2 Bc5 31. Nf3 Bd6 32. Nh4 Ke6 33.
Bd3 e4 34. Bf1 a4 35. Bh3 axb3+ 36. axb3 Ra8 37. Nxf5 Bb4 38. Kb2 Bg6 39. Nh4+ Kf7 40. Rd7+ Ke8 41. Nxg6 e3 42. Rd3 Bc5 43. Bf1 Kf7 44. Nh4 Re8 45. Be2 1-0

[Event "*** Titled Tuesday 3|2 Blitz"]
[Site "Chess.com"]
[Date "2015.05.05"]
[Round "8"]
[White "Zvonokchess"]
[Black "Boryboy"]
[Result "1-0"]
[WhiteElo "2504"]
[BlackElo "2423"]
[TimeControl "180+2"]
[EndTime "12:46:36 PDT"]
[Termination "Zvonokchess won by checkmate"]

1. e4 e6 2. d4 d5 3. Nd2 h6 4. Ngf3 Nf6 5. Bd3 Nfd7 6. O-O Be7 7. c4 dxc4 8. Nxc4 a6 9. Qe2 b5 10. Ne3 Bb7 11. Rd1 Nc6 12. d5 exd5 13. exd5 Nb4 14.
Nf5 Kf8 15. Be4 Nc5 16. d6 Bxd6 17. Bxb7 Nxb7 18. Qe4 Bxh2+ 19. Kxh2 Qxd1 20. Qxb4+ c5 21. Qg4 g6 22. Bxh6+ Rxh6+ 23. Nxh6 Qxa1 24. Qf4 Nd8 25. Ne5 Ra7 26. Qf6 Qd1 27. Nxg6+ Ke8 28. Ne5 Qh5+ 29. Kg1 Qd1+ 30. Kh2 Qd4 31. Nf5 Qf4+ 32. Kg1 Qc1+ 33. Kh2 Ne6 34. Nd6+ Kf8 35. Nf5 Qf4+ 36. Kg1 Qc1+ 37. Kh2 Qf4+ 38. g3 Qxf2+ 39. Kh3 Qf1+ 40. Kg4 Qd1+ 41. Kh4 Qh1+ 42. Kg4 Qd1+ 43. Kh4 Ke8 44. Qh8+ Nf8 45. Qf6 Rd7 46. Ng7# 1-0

[Event "*** Titled Tuesday 3|2 Blitz"]
[Site "Chess.com"]
[Date "2015.05.05"]
[Round "8"]
[White "jcibarra"]
[Black "Cryptochess"]
[Result "1-0"]
[WhiteElo "2523"]
[BlackElo "2400"]
[TimeControl "180+2"]
[EndTime "12:46:40 PDT"]
[Termination "jcibarra won by resignation"]

1. e4 d6 2. d4 Nf6 3. Nc3 g6 4. Bg5 Bg7 5. e5 dxe5 6. dxe5 Ng4 7. Qxd8+ Kxd8 8. Rd1+ Bd7 9. e6 fxe6 10. Bc4 Ke8 11. Nf3 Nc6 12. Nb5 Rc8 13. O-O a6 14. Rxd7 Kxd7 15. Rd1+ Ke8 16. Bxe6 axb5 17. Bxc8 Nge5 18. Nxe5 Bxe5 19. Bxb7 Nd8 20. Bc8 Bxb2 21. Rd7 Ba3 22. Rxc7 Bd6 23. Bd7+ Kf7 24. Rc3 Be5 25. Rf3+ Bf6 26.
Bxb5 Nb7 27. Bc4+ Kg7 28. Bxf6+ exf6 29. Re3 Nd6 30. Re7+ Kh6 31. Bb3 Nf5 32. Rd7 Re8 33. g3 g5 34. Kf1 Re5 35. Rd5 Rxd5 36. Bxd5 Nd4 37. c3 Nb5 38. c4 Nc3 39. a3 Kg6 40.
Ke1 Kf5 41. Kd2 Na4 42. Bc6 Nc5 43. Kc3 Ke5 44. Kb4 Kd4 45. Kb5 Nd3 46. f3 Ne5 47. Bd5 f5 48. a4 Nd3 49. a5 Nc5 50. a6 Nxa6 51. Kxa6 Kc5 52. Kb7 Kd6 53. Kb6 1-0

[Event "*** Titled Tuesday 3|2 Blitz"]
[Site "Chess.com"]
[Date "2015.05.05"]
[Round "8"]
[White "DanielRensch"]
[Black "cassoulet"]
[Result "1-0"]
[WhiteElo "2288"]
[BlackElo "2200"]
[TimeControl "180+2"]
[EndTime "12:46:49 PDT"]
[Termination "DanielRensch won by resignation"]

1. e4 c5 2. Nf3 d6 3. d4 cxd4 4. Nxd4 Nf6 5. Nc3 Nc6 6. Bg5 e6 7. Bb5 Bd7 8. Bxc6 bxc6 9. Qf3 e5 10. Nf5 h6 11. Bh4 g5 12. Bg3 g4 13. Qd3 Bxf5 14.
exf5 Be7 15. O-O-O Qa5 16. h3 gxh3 17. Rxh3 h5 18.
f4 Rd8 19. fxe5 dxe5 20. Qc4 Rxd1+ 21. Nxd1 O-O 22. Bh4 Rd8 23. Nc3 Kf8 24. Bxf6 Bxf6 25.
Rxh5 Qb6 26. b3 e4 27. Kb2 Qb5 28. Qxe4 Qc5 29. Rh3 Rd1 30. Qe3 Qa5 31. a3 Rd5 32.
b4 Qd8 33. Kb3 Rxf5 34. Qh6+ Bg7 35. Qxc6 Kg8 36. Rd3 Qe7 37. Nd5 Qe5 38. Qc8+ Kh7 39. Rh3+ Rh5 40. Rxh5+ Qxh5 41. Qd7 Qg6 42. Ne3 Kg8 43.
Qd8+ Kh7 44. Qd3 Qxd3+ 45. cxd3 Kg6 46. Nc4 Kf5 47. Nd6+ Ke6 48. Nb5 a6 49. Nc7+ Ke5 50. Nxa6 Kd4 51. Nc5 Bf8 52. a4 f5 53. a5 Bxc5 54.
bxc5 Kxc5 55. Kc3 1-0

[Event "*** Titled Tuesday 3|2 Blitz"]
[Site "Chess.com"]
[Date "2015.05.05"]
[Round "8"]
[White "Hikaru"]
[Black "megarompa"]
[Result "1/2-1/2"]
[WhiteElo "2826"]
[BlackElo "2675"]
[TimeControl "180+2"]
[EndTime "12:47:22 PDT"]
[Termination "Game drawn by agreement"]

1. b3 d5 2. Bb2 Bg4 3. d3 Nf6 4. Nd2 Nbd7 5. Ngf3 e6 6. h3 Bh5 7. g4 Bg6 8. Nh4 Bd6 9. Bg2 c6 10. e3 a5 11. a3 O-O 12. O-O b5 13. f4 a4 14. e4 dxe4 15. dxe4 axb3 16. cxb3 Bc5+ 17. Kh2 Qc7 18. Qe2 h6 19. b4 Bb6 20. Kh1 e5 21.
Nxg6 fxg6 22. f5 g5 23. Nb3 Ne8 24. Rfd1 Nd6 25. Qd3 Nc4 26. Qxd7 Qxd7 27. Rxd7 Nxb2 28. Bf1 Rf7 29. Rd6 Rf6 30. Rd7 Rf7 31. Rd2 Nc4 32. Rc2 Rfa7 33. a4 Rxa4 34. Rxa4 Rxa4 35. Bxc4+ bxc4 36. Nd2 Bd4 37. Nxc4 Rxb4 38. Kg2 c5 39. Nd6 Rb6 40. Nc4 Rb4 41. Na5 Ra4 42. Nb7 c4 43. Nd6 c3 44. Kf3 Rb4 45. Ke2 Rb2 46.
Kd3 Rb6 47. Nc4 Rb4 48. Ra2 Rb1 49. Nd6 Kf8 50. Kc4 Rb2 51. Ra8+ Ke7 52. f6+ gxf6 53.
Nf5+ Kf7 54. Nxd4 exd4 55. Kxd4 Rh2 56. Ra7+ Kg6 57. e5 fxe5+ 58. Kxe5 Re2+ 59. Kd4 Rh2 60. Ra6+ Kg7 61. Ke5 Re2+ 62. Kf5 Rf2+ 63. Ke5 Re2+ 64.
Kf5 Rf2+ 1/2-1/2

[Event "*** Titled Tuesday 3|2 Blitz"]
[Site "Chess.com"]
[Date "2015.05.05"]
[Round "8"]
[White "MITerryble"]
[Black "GMHess"]
[Result "1-0"]
[WhiteElo "2532"]
[BlackElo "2509"]
[TimeControl "180+2"]
[EndTime "12:47:56 PDT"]
[Termination "MITerryble won by resignation"]

1. d4 g6 2. Nf3 Bg7 3. g3 d6 4.
Bg2 Nd7 5. O-O e5 6. c4 Ngf6 7.
Nc3 O-O 8. e4 a6 9. h3 Rb8 10.
a4 exd4 11. Nxd4 Ne5 12. b3 c5 13. Nde2 Be6 14. Be3 Qe7 15. Re1 Rfd8 16. f4 Nc6 17. Bf2 Qf8 18. Qd2 Na5 19. Qc2 Nc6 20. Rad1 Nb4 21. Qb1 Ne8 22. Nd5 Bxd5 23. cxd5 b5 24. axb5 axb5 25. Qc1 Rdc8 26. Qd2 Ra8 27. Nc1 f6 28. h4 Nc7 29. Bh3 Re8 30. Re2 Re7 31. Bg2 Rae8 32. Rde1 Ra8 33. e5 fxe5 34. fxe5 Rxe5 35.
Rxe5 Bxe5 36. Rxe5 dxe5 37. d6 Ne6 38. Bxa8 Qxa8 39. d7 Qd5 40. Qxd5 Nxd5 41. Bxc5 e4 42. Ne2 Kf7 43. Nd4 Nd8 44. Kf2 Nf6 45. Bb6 Ke7 46. Nxb5 Kxd7 47. Bxd8 Kxd8 48. Ke3 Kd7 49. Nc3 Ke6 50.
Nxe4 Nd5+ 51. Kd4 Ne7 52. b4 Nf5+ 53. Kc5 Ke5 54. b5 Nd4 55. Nf2 Ne6+ 56. Kc6 Nd4+ 57. Kc5 Nxb5 58. Kxb5 Kd4 59. Ng4 Ke4 60. Nh6 Kf3 61.
g4 g5 62. h5 Kf4 63. Kc5 Ke5 64. Kc6 Ke6 65. Nf5 Ke5 66. Kd7 Kf4 67. Nh6 1-0

[Event "*** Titled Tuesday 3|2 Blitz"]
[Site "Chess.com"]
[Date "2015.05.05"]
[Round "8"]
[White "brauliocuarta"]
[Black "Schemato"]
[Result "1/2-1/2"]
[WhiteElo "2057"]
[BlackElo "2091"]
[TimeControl "180+2"]
[EndTime "12:47:58 PDT"]
[Termination "Game drawn by agreement"]

1. d4 e6 2. c4 f5 3. Nc3 Nf6 4. Nf3 Bb4 5. Bf4 b6 6. e3 Bb7 7. a3 Bxc3+ 8. bxc3 O-O 9. Bd3 d6 10. O-O Qe7 11. h3 Nbd7 12. Bh2 Ne4 13. Qc2 e5 14.
Nd2 Ndf6 15. f3 Nxd2 16. Qxd2 e4 17. Be2 exf3 18. Bxf3 Bxf3 19. gxf3 Rae8 20. Rae1 Nh5 21. Kh1 Qh4 22. Qg2 f4 23. Rg1 g6 24. e4 Rf7 25.
Qg4 Qxg4 26. Rxg4 Ref8 27. a4 Ng3+ 28. Kg2 Nh5 29. a5 Kg7 30. a6 Ng3 31. Bxg3 fxg3 32. Rxg3 h5 33. c5 h4 34. Rg4 Rxf3 35. cxb6 cxb6 36.
e5 dxe5 37. dxe5 Rxc3 38. e6 Rc2+ 39. Kg1 Re8 40. e7 Rc7 41. Re6 Rcxe7 42. Rgxg6+ Kh7 43.
Rh6+ Kg7 44. Rhg6+ Kh7 45. Rh6+ Kg7 46. Rhg6+ Kh8 47. Rh6+ Kg8 48. Rhg6+ Kf8 49. Ref6+ Rf7 50. Rc6 Rg7 51. Rxg7 Kxg7 52. Rc7+ Kf6 53. Rxa7 Re3 54. Rb7 Ra3 55. Rxb6+ Kg7 56. Rb7+ Kg6 57. a7 Ra2 58.
Re7 Kf6 59. Rh7 Kg6 60. Rb7 Kh6 61. Re7 Kg6 62. Rb7 Kf6 63. Rh7 Ke6 64. Rxh4 Rxa7 65. Rf4 Ke5 66. Rf8 Ra6 67. Kg2 Rg6+ 68. Kf3 Rf6+ 69.
Rxf6 Kxf6 1/2-1/2

[Event "*** Titled Tuesday 3|2 Blitz"]
[Site "Chess.com"]
[Date "2015.05.05"]
[Round "8"]
[White "LyonBeast"]
[Black "Enozen"]
[Result "1/2-1/2"]
[WhiteElo "2710"]
[BlackElo "2499"]
[TimeControl "180+2"]
[EndTime "12:48:21 PDT"]
[Termination "Game drawn - insufficient material"]

1. Nf3 Nf6 2. g3 g6 3. Bg2 Bg7 4.
O-O O-O 5. d4 d6 6. Nc3 Nbd7 7.
e4 e5 8. Re1 c6 9. h3 Re8 10.
a4 a5 11. b3 exd4 12. Nxd4 Nc5 13. g4 h5 14. g5 Nfd7 15. Be3 Qe7 16. Qd2 Nb6 17. Rad1 Bd7 18. f4 Rad8 19. Bf2 Bc8 20. Kh2 Qc7 21. Bf3 Qd7 22. Bg2 Qc7 23. Bg3 Nbd7 24.
Re3 Re7 25. Rde1 Nf8 26. f5 Be5 27. f6 Ree8 28. h4 Nfe6 29. Nde2 d5 30. exd5 Bxg3+ 31. Nxg3 Qf4 32. Kg1 cxd5 33. Nxd5 Qxh4 34. Ne4 Nxe4 35.
Rxe4 Qg3 36. Qe3 Qd6 37. c4 Bd7 38. Re5 Kh7 39. Ne7 b6 40. Rd5 Qf4 41. Qxf4 Nxf4 42. Rdd1 Bg4 43. Rxd8 Rxd8 44. Bd5 Be6 45. Re5 Bg4 46.
Kh2 Be6 47. Kg3 Nd3 48. Re3 Nc5 49. Kf4 Re8 50. Ke5 Rd8 51. Kd4 Bxd5 52. cxd5 Ne6+ 53. Ke5 Nxg5 54. Kf4 Kh6 55. Rg3 Nh7 56. Ke5 h4 57. Rd3 Ng5 58. d6 h3 59. Rd1 Kh5 60. d7 h2 61. Kd6 Kh4 62. Nc6 Ne4+ 63. Ke7 Rxd7+ 64. Kxd7 Nxf6+ 65. Kc7 g5 66. Kxb6 g4 67. Nd4 g3 68.
Kxa5 g2 69. Nf3+ Kg3 70. Nxh2 Kxh2 71. Kb6 Nd5+ 72. Kc5 Nc7 73. Kd6 Na6 74. Ke5 g1=Q 75. Rxg1 Kxg1 76. Kf6 Kf2 77. Kxf7 Ke3 78. Ke6 Nc5+ 79.
Kd6 Nxb3 80. a5 Nxa5 1/2-1/2

[Event "*** Titled Tuesday 3|2 Blitz"]
[Site "Chess.com"]
[Date "2015.05.05"]
[Round "8"]
[White "dabee"]
[Black "MinhGTrAn"]
[Result "1-0"]
[WhiteElo "2366"]
[BlackElo "2491"]
[TimeControl "180+2"]
[EndTime "12:48:22 PDT"]
[Termination "dabee won by resignation"]

1. d4 Nf6 2. Bg5 e6 3. Nd2 Be7 4. e3 O-O 5. Bd3 d6 6. Ngf3 Nbd7 7. c3 b6 8. e4 h6 9. Bxf6 Bxf6 10. Qe2 Bb7 11. h4 c5 12. g4 cxd4 13. cxd4 g6 14.
g5 hxg5 15. hxg5 Bg7 16. O-O-O a6 17. Rh4 b5 18. Rdh1 Qe7 19. Qf1 Rfc8+ 20. Kb1 Kf8 21. Rh7 f6 22. Qh3 f5 23. d5 Nc5 24. Rh8+ Kf7 25.
dxe6+ Qxe6 26. Rxc8 Bxc8 27. exf5 gxf5 28. g6+ Qxg6 29.
Rg1 Qf6 30. Ng5+ Ke7 31. Kc2 Qxb2+ 32. Kd1 Be6 33. Nxe6 Nxe6 34. Qxf5 Rf8 35. Qd5 Rxf2 36. Qb7+ Kf8 37. Qc8+ Ke7 38. Qb7+ Kd8 39. Qb6+ Ke7 40. Qxf2 Qxa2 41. Qa7+ Kf6 42. Rf1+ Ke5 43. Re1+ Kf6 44. Qf2+ Ke7 45. Bf5 Be5 46. Bxe6 Kxe6 47. Qe3 Qa4+ 48. Qb3+ Qxb3+ 49. Nxb3 Kd5 50. Kc2 Kc4 51.
Rd1 Kb4 52. Nd2 a5 53. Rb1+ Kc5 54. Ne4+ Kc4 55. Nd2+ Kc5 56. Nf3 Bf6 57. Nd2 a4 58.
Ne4+ Kc4 59. Nxf6 b4 60. Ne4 b3+ 61. Kb2 Kb4 62. Ra1 d5 63. Nd2 d4 64. Nxb3 axb3 65.
Ra8 Kc4 66. Rc8+ Kd3 67. Kxb3 Ke2 68. Re8+ Kd2 69. Kc4 1-0

[Event "*** Titled Tuesday 3|2 Blitz"]
[Site "Chess.com"]
[Date "2015.05.05"]
[Round "8"]
[White "geeeeri"]
[Black "hellokostya"]
[Result "1/2-1/2"]
[WhiteElo "2126"]
[BlackElo "2277"]
[TimeControl "180+2"]
[EndTime "12:48:35 PDT"]
[Termination "Game drawn - insufficient material"]

1. e4 c5 2. Nf3 e6 3. d4 cxd4 4. Nxd4 Nc6 5. Nxc6 bxc6 6. c4 Nf6 7. Nc3 Bb4 8. Bd3 d5 9. cxd5 exd5 10. O-O Bxc3 11. bxc3 dxe4 12. Bc4 Qxd1 13. Rxd1 O-O 14. Ba3 Re8 15.
Rab1 Be6 16. Bxe6 Rxe6 17. Bc5 Nd5 18. c4 Nc3 19. Rbc1 Nxd1 20. Rxd1 h6 21. Kf1 Rb8 22. Rd2 Rb1+ 23. Ke2 Rc1 24. Bxa7 Rxc4 25. Be3 Re5 26. Rd8+ Kh7 27. Ra8 Rd5 28. a4 Rc2+ 29. Ke1 Ra2 30. g3 c5 31. a5 c4 32. a6 c3 33. Rc8 c2 34. Bd2 Rd7 35. Ke2 Ra7 36. Ke3 R7xa6 37. Kxe4 Rd6 38. Ke3 Re6+ 39. Kd3 Rd6+ 40. Ke3 Rb6 41.
Kd3 Rb3+ 42. Ke4 Rb1 43. h4 Rd1 44. Be3 c1=Q 45. Bxc1 Rxf2 46. Bf4 Re1+ 47. Kf5 Ref1 48. Rc7 g6+ 49. Ke4 Kg7 50. Be5+ Kf8 51. Rc8+ Ke7 52. Rc7+ Kd8 53. Ra7 Re1+ 54. Kd5 Rd2+ 55. Bd4 Red1 56. Ra4 Rxd4+ 57. Rxd4 Rxd4+ 58. Kxd4 h5 59. Kd5 Kd7 60. Ke5 Ke7 61. Kd5 Kf6 62. Ke4 Ke6 63.
Kf4 Kd5 64. g4 hxg4 65. Kxg4 Ke4 66. Kg5 Ke5 67. Kg4 f6 68. Kg3 f5 69. Kf3 Ke6 70. Kg3 Kd5 71. Kf4 Kd4 72. Kg5 Ke4 73. Kxg6 f4 74. h5 f3 75. h6 f2 76. h7 f1=Q 77.
h8=Q Qf5+ 78. Kg7 Qe5+ 79. Kg8 Qxh8+ 80. Kxh8 1/2-1/2

[Event "*** Titled Tuesday 3|2 Blitz"]
[Site "Chess.com"]
[Date "2015.05.05"]
[Round "9"]
[White "Konavets"]
[Black "jcibarra"]
[Result "0-1"]
[WhiteElo "2454"]
[BlackElo "2532"]
[TimeControl "180+2"]
[EndTime "13:03:30 PDT"]
[Termination "jcibarra won by resignation"]

1. e4 e5 2. Nf3 d6 3. d4 exd4 4. Nxd4 Nf6 5. Nc3 Be7 6. Be2 O-O 7. Bf4 Re8 8. Qd2 Bf8 9. f3 Nc6 10. O-O-O Nxd4 11. Qxd4 Be6 12. g4 a6 13. h4 c5 14.
Qd2 Qa5 15. Kb1 b5 16. Nd5 Qxd2 17. Nxf6+ gxf6 18. Rxd2 d5 19. exd5 Bxd5 20. Bxb5 Bxa2+ 21. Kxa2 axb5+ 22. Kb3 Ra4 23. Bh2 c4+ 0-1

[Event "*** Titled Tuesday 3|2 Blitz"]
[Site "Chess.com"]
[Date "2015.05.05"]
[Round "9"]
[White "LyonBeast"]
[Black "AnthonyWirig"]
[Result "1-0"]
[WhiteElo "2714"]
[BlackElo "2495"]
[TimeControl "180+2"]
[EndTime "13:04:14 PDT"]
[Termination "LyonBeast won by resignation"]

1. g3 h5 2. Bg2 h4 3. c4 d6 4.
Nc3 c6 5. d3 Qa5 6. Bd2 Qh5 7.
Qb3 Nd7 8. Nf3 Nc5 9. Qc2 h3 10.
Bf1 Bf5 11. Nd4 Bg6 12. b4 e5 13. Ndb5 cxb5 14. bxc5 e4 15. Nd5 exd3 16. Qb2 O-O-O 17. Qa3 Nf6 18. Qxa7 Nxd5 19. cxd5 Qxd5 20. c6 bxc6 21. Ba5 d2+ 22. Kd1 Bc2+ 23. Kxc2 Qc4+ 24. Kxd2 Qd4+ 25. Qxd4 1-0

[Event "*** Titled Tuesday 3|2 Blitz"]
[Site "Chess.com"]
[Date "2015.05.05"]
[Round "9"]
[White "cassoulet"]
[Black "destroyer305"]
[Result "1-0"]
[WhiteElo "2214"]
[BlackElo "2146"]
[TimeControl "180+2"]
[EndTime "13:04:41 PDT"]
[Termination "cassoulet won by resignation"]

1. e4 c5 2. Nf3 g6 3. d4 cxd4 4. Nxd4 Nc6 5. Nc3 Bg7 6. Be3 Nf6 7. Bc4 O-O 8. Bb3 d6 9. f3 Bd7 10. Qd2 Nxd4 11. Bxd4 b5 12. h4 a5 13. a4 bxa4 14. Nxa4 Be6 15. Bxe6 fxe6 16. b3 Qc7 17. h5 Nxh5 18. Bxg7 Kxg7 19. O-O-O Rac8 20. Kb2 e5 21. Nc3 Qc5 22. Ra1 Nf6 23. Nd5 Nxd5 24. exd5 Rf7 25. Rxa5 Qb6 26. Ra4 Kg8 27. Rah4 Qc5 28. Rc4 Qxc4 29.
bxc4 e6 30. dxe6 Rb7+ 31. Kc3 Rbc7 32. Qd5 Rc5 33. Qe4 d5 34. Qxe5 Rxc4+ 35. Kd3 Rxc2 36. e7 R2c3+ 37. Qxc3 1-0

[Event "*** Titled Tuesday 3|2 Blitz"]
[Site "Chess.com"]
[Date "2015.05.05"]
[Round "9"]
[White "Boryboy"]
[Black "iFrancisco"]
[Result "1-0"]
[WhiteElo "2429"]
[BlackElo "2290"]
[TimeControl "180+2"]
[EndTime "13:05:24 PDT"]
[Termination "Boryboy won by resignation"]

1. d4 d5 2. Nf3 Nf6 3. g3 e6 4. Bg2 Be7 5. c4 O-O 6. O-O c6 7. Qc2 Nbd7 8. Nbd2 b6 9. e4 Bb7 10. Rd1 Rc8 11. e5 Ne8 12. cxd5 exd5 13. Nf1 Nc7 14. h4 Ne6 15. Be3 Re8 16. h5 c5 17.
Qe2 cxd4 18. Nxd4 Nxd4 19. Bxd4 Bc5 20. f4 Nf8 21. Qf2 Ne6 22. Bxc5 bxc5 23. h6 g6 24. Ne3 Nd4 25. Ng4 Kh8 26. Nf6 Re6 27.
Bh3 Rxf6 28. exf6 Qxf6 29. Bxc8 Bxc8 30. Rac1 Ne6 31. Rxc5 Bb7 32. Rb5 Bc6 33. Rb8+ Nd8 34. Qd4 1-0

[Event "*** Titled Tuesday 3|2 Blitz"]
[Site "Chess.com"]
[Date "2015.05.05"]
[Round "9"]
[White "AlmirDzhumaev"]
[Black "Mvpag"]
[Result "1-0"]
[WhiteElo "2072"]
[BlackElo "1920"]
[TimeControl "180+2"]
[EndTime "13:05:31 PDT"]
[Termination "AlmirDzhumaev won by resignation"]

1. e4 e5 2. Nf3 Nc6 3. d4 exd4 4. Nxd4 Nf6 5. Nxc6 bxc6 6. Bd3 d6 7. O-O Be7 8. c4 O-O 9. b3 a5 10. Bb2 Rb8 11.
Nc3 Be6 12. Qd2 Ng4 13. Be2 Nf6 14. Rad1 Qc8 15. Qg5 Kh8 16. Qe3 Bg4 17. f3 Be6 18.
e5 dxe5 19. Qxe5 Bd6 20. Qg5 h6 21. Qh4 Be7 22. Ne4 Kh7 23. Nxf6+ Bxf6 24. Bd3+ Kg8 25. Bxf6 gxf6 26. Qxf6 a4 27. Qxh6 Bf5 28. Qg5+ Bg6 29.
Bxg6 fxg6 30. Qxg6+ Kh8 31. Rd4 Qd8 32. Rxd8 1-0

[Event "*** Titled Tuesday 3|2 Blitz"]
[Site "Chess.com"]
[Date "2015.05.05"]
[Round "9"]
[White "pKiLz5Rn9b"]
[Black "AlexanderL"]
[Result "0-1"]
[WhiteElo "2265"]
[BlackElo "2522"]
[TimeControl "180+2"]
[EndTime "13:05:38 PDT"]
[Termination "AlexanderL won by resignation"]

1. e4 e6 2. d4 d5 3. Nd2 c5 4. exd5 Qxd5 5. Ngf3 cxd4 6. Bc4 Qd6 7. O-O Nf6 8. Nb3 Nc6 9. Nbxd4 Nxd4 10. Qxd4 Qxd4 11.
Nxd4 Bc5 12. Nb3 Bb6 13. a4 a5 14. Bf4 Bd7 15. Be5 Rc8 16. Bd3 Ke7 17. Bc3 Rxc3 18. bxc3 Bc6 19. c4 Nd7 20. Rab1 Nc5 21. Nxc5 Bxc5 22.
Rfe1 b6 23. Ra1 Rd8 24. Reb1 Rd4 25. Kf1 g5 26. Re1 Rh4 27. Kg1 Rf4 28. Re2 h5 29. c3 h4 30. h3 g4 31. hxg4 Rxg4 32. Kh2 Rxg2+ 33. Kh3 Rxf2 34. Rxf2 Bxf2 35. Rf1 Bg3 36. Rb1 Bf2 37. Rf1 Bc5 38. Kxh4 Bxa4 39. Kg5 Bb3 40. Kh6 a4 41. Kg7 f5 42. Re1 a3 43. Bxf5 Bxc4 44. Bc2 a2 45. Ra1 Ba3 46. Bb1 axb1=Q 47. Rxb1 Bc5 48. Kg6 Kd6 49. Kg5 e5 50. Kg4 Ke6 51. Kf3 Kf5 52. Rh1 Bd5+ 53. Ke2 Bxh1 0-1

[Event "*** Titled Tuesday 3|2 Blitz"]
[Site "Chess.com"]
[Date "2015.05.05"]
[Round "9"]
[White "jefferyx"]
[Black "DanielRensch"]
[Result "1-0"]
[WhiteElo "2391"]
[BlackElo "2282"]
[TimeControl "180+2"]
[EndTime "13:05:41 PDT"]
[Termination "jefferyx won on time"]

1. b4 e5 2. a3 d5 3. Bb2 Bd6 4. e3 Ne7 5. Nf3 Nd7 6. d4 e4 7. Nfd2 O-O 8. c4 c6 9. Nc3 f5 10. Qb3 Nf6 11. Be2 Kh8 12. h3 f4 13.
O-O-O a5 14. b5 a4 15. Qa2 fxe3 16. fxe3 dxc4 17. Bxc4 Bf5 18. g4 Bg6 19. h4 Nxg4 20.
h5 Bf5 21. h6 Nxh6 22. Rxh6 gxh6 23. Ncxe4 cxb5 24. Be6 Rc8+ 25. Kb1 Ng6 26. Bxf5 Rxf5 27.
Qe6 Bxa3 28. Bxa3 Rd5 29. Nf6 Rg5 30. d5 Rc7 31. Bb2 Rg7 32. Ne8 Nf8 33. Qf7 1-0

[Event "*** Titled Tuesday 3|2 Blitz"]
[Site "Chess.com"]
[Date "2015.05.05"]
[Round "9"]
[White "salomez"]
[Black "esr44"]
[Result "1-0"]
[WhiteElo "2152"]
[BlackElo "2046"]
[TimeControl "180+2"]
[EndTime "13:05:41 PDT"]
[Termination "salomez won by resignation"]

1. e4 c6 2. d4 d5 3. e5 c5 4. dxc5 e6 5. Be3 Nh6 6. Bxh6 gxh6 7.
Nf3 Bxc5 8. Bd3 Qb6 9. O-O Qxb2 10. Nbd2 Qb6 11. Nb3 Be7 12. Qd2 Nc6 13. Qxh6 Bd7 14. Rab1 Qc7 15. Rfe1 O-O-O 16. Nbd4 a6 17. Nxc6 Bxc6 18.
Nd4 Bc5 19. c3 Rhg8 20. Qxh7 Rg5 21. Nxc6 Qxc6 22. Qxf7 Rdg8 23. g3 R8g7 24. Qf6 b5 25. a4 d4 26. Be4 Qb6 27. cxd4 Bxd4 28. Rec1+ Bc5 29. Qf8+ 1-0

[Event "*** Titled Tuesday 3|2 Blitz"]
[Site "Chess.com"]
[Date "2015.05.05"]
[Round "9"]
[White "Cryptochess"]
[Black "facu57"]
[Result "1-0"]
[WhiteElo "2404"]
[BlackElo "2192"]
[TimeControl "180+2"]
[EndTime "13:05:45 PDT"]
[Termination "Cryptochess won by checkmate"]

1. e4 c6 2. d4 d5 3. Nc3 dxe4 4. Nxe4 Nf6 5. Nxf6+ exf6 6. Nf3 Bd6 7. Bd3 O-O 8.
O-O Bg4 9. h3 Bh5 10. Re1 Nd7 11. c4 Bc7 12. Bf5 Re8 13. Be3 Nf8 14. Bg4 Bg6 15.
Nh4 Qd6 16. g3 Ne6 17. d5 cxd5 18. cxd5 Nf8 19. Bf4 Qb6 20. Rxe8 Rxe8 21. d6 Bd8 22. Be3 Qxb2 23. Rc1 Bb6 24. d7 Rd8 25. Rc8 Ne6 26. Bxe6 fxe6 27. Bxb6 Qxb6 28. Nxg6 hxg6 29. Qb3 Qa5 30.
Qxe6+ Kh7 31. Qe8 Rxd7 32. Qh8# 1-0

[Event "*** Titled Tuesday 3|2 Blitz"]
[Site "Chess.com"]
[Date "2015.05.05"]
[Round "9"]
[White "megarompa"]
[Black "ChessTrener"]
[Result "1-0"]
[WhiteElo "2682"]
[BlackElo "2528"]
[TimeControl "180+2"]
[EndTime "13:05:48 PDT"]
[Termination "megarompa won by resignation"]

1. d4 Nf6 2. Bg5 Ne4 3. Bf4 c5 4. f3 Qa5+ 5. c3 Nf6 6. Nd2 cxd4 7. Nc4 Qd8 8. cxd4 g6 9. e4 Bg7 10. d5 d6 11. Qd2 Nbd7 12. Ne2 O-O 13. Nc3 a6 14. a4 Nc5 15. Qc2 Nh5 16. Be3 f5 17. b4 f4 18. Bf2 Nd7 19. Rc1 Ne5 20. a5 Nxc4 21. Bxc4 Bd7 22. Na4 Bxa4 23. Qxa4 Rc8 24. O-O Nf6 25. b5 axb5 26. Bxb5 Rxc1 27. Rxc1 Qa8 28.
Rc7 Rc8 29. Qc4 Rxc7 30. Qxc7 Kf7 31. Bb6 g5 32. h3 h5 33. e5 dxe5 34. d6 Kg6 35.
Bd3+ Kh6 36. d7 1-0